 Dungeon Crawl Stone Soup version 0.31-a0-702-gf82c85558f (webtiles) character file.

Game seed: 11932898045198331790

3 qw the Shooter (level 1, -1/12 HPs)
             Began as a Gargoyle Hunter on Sept 8, 2023.
             Slain by a hobgoblin (2 damage)
             ... on level 1 of the Dungeon.
             The game lasted 00:00:02 (60 turns).

qw the Shooter (Gargoyle Hunter)                      Turns: 60, Time: 00:00:03

Health: -1/12      AC:  5    Str: 14    XL:     1   Next: 50%
Magic:  1/1        EV: 11    Int:  9    God:
Gold:   0          SH:  0    Dex: 13    Spells: 0/0 levels left

rFire   . . .        a - +0 shortbow
rCold   . . .        (shield currently unavailable)
rNeg    + . .        c - +0 leather armour
rPois   inf          (no helmet)
rElec   +            (no cloak)
rCorr   .            (no gloves)
SInv    .            (no boots)
Will    .....        (no amulet)
Stlth   +            (no ring)
HPRegen 0.22/turn    (no ring)
MPRegen 0.07/turn

%: no passive effects
@: no status effects
A: sickness immunity, AC +2, negative energy resistance 1, electricity
resistance, torment resistance 1, petrification resistance
a: no special abilities


You were on level 1 of the Dungeon.
You visited 1 branch of the dungeon, and saw 1 of its levels.


Innate Abilities, Weirdness & Mutations

You are immune to sickness and miasma.
Your stone body is resilient. (AC +2)
You are immune to poison.
You resist negative energy. (rN+)
You are resistant to electric shocks. (rElec)
You are resistant to unholy torment.
You are immune to petrification.


   Skills:
 - Level 2.1 Fighting
 + Level 4.2 Ranged Weapons
 - Level 1.5 Dodging
 - Level 1.1 Stealth


You couldn't memorise any spells.
You didn't know any spells.
Your spell library was empty.

Inventory:

Hand Weapons
 a - a +0 shortbow (weapon)
Armour
 c - a +0 leather armour (worn)
 e - a +0 pair of boots
Scrolls
 b - a scroll of butterflies
 f - a scroll of brand weapon {unknown}
Potions
 d - a potion of curing {unknown}

Dungeon Overview and Level Annotations

Branches:
Dungeon (1/15)

Altars:


Message History

Enter note:
54 |||
Found retreat position at 12,3 (floor) with 0 blocking monsters and 1 monsters attacking at destination at distance 12
Enter note:
54 ||| RETREATING.
The goblin shouts!
The jackal bites you. The jackal barely misses you.
Enter note:
55 |||
Found retreat position at -3,2 (floor) with 0 blocking monsters and 3 monsters attacking at destination at distance 3
55 ||| Stepping ~*~*~tactically~*~*~ (retreating).
The jackal bites you but does no damage.
The jackal attacks as it pursues you!
The jackal bites you but does no damage.
The jackal bites you. The jackal barely misses you.
Enter note:
56 |||
Found retreat position at -2,2 (floor) with 0 blocking monsters and 3 monsters attacking at destination at distance 2
56 ||| Stepping ~*~*~tactically~*~*~ (retreating).
The jackal attacks as it pursues you! The jackal closely misses you.
The jackal attacks as it pursues you! The jackal bites you.
Enter note:
57 |||
Found retreat position at -1,1 (floor) with 0 blocking monsters and 3 monsters attacking at destination at distance 1
57 ||| Stepping ~*~*~tactically~*~*~ (retreating).
The jackal attacks as it pursues you!
The jackal bites you but does no damage.
The jackal attacks as it pursues you! The jackal closely misses you.
The jackal misses you.
The jackal bites you but does no damage.
The jackal bites you.
You shoot an arrow. The arrow closely misses the jackal.
The arrow hits the hobgoblin.
The hobgoblin is heavily wounded.
The jackal bites you but does no damage.
The jackal bites you. x2
You shoot an arrow. The arrow hits the jackal.
You kill the jackal!
The jackal bites you but does no damage. x2
The jackal bites you. The jackal barely misses you.
You shoot an arrow. The arrow barely misses the hobgoblin.
The hobgoblin hits you. The jackal completely misses you.
The jackal closely misses you. The hobgoblin hits you.
You die...

..........
............# ..
...........###..
#!...#..........
#....#.###......
###....#.#........
#g...#...#.#......
#hg...#..#...#....
#@hh.:...#.......#
######......#...#..
#.......#.#%...#...
#.......#......#..#
##......###.....#.##
#................#...
#.######........##.#.
# #.....#####.#.
###.....# #.#


You could see 3 jackals, a hobgoblin and a goblin.

Vanquished Creatures
  An endoplasm (D:1)
  A jackal (D:1)
  A bat (D:1)
3 creatures vanquished.

Notes
Turn   | Place    | Note
-------+----------+-------------------------------------------
     0 | D:1      | qw the Gargoyle Hunter began the quest for the Orb.
     0 | D:1      | Reached XP level 1. HP: 12/12 MP: 1/1
     0 | D:1      | 0 ||| qw: Version: 0.3-a-76-g4403597
     0 | D:1      | 0 ||| qw: Game counter: 1180
     0 | D:1      | 0 ||| qw: Melee chars always use a shield: true
     0 | D:1      | 0 ||| qw: God list: Okawaru
     0 | D:1      | 0 ||| qw: Allow faded altars: false
     0 | D:1      | 0 ||| qw: Do Orc after clearing Dungeon:15 true
     0 | D:1      | 0 ||| qw: Do second Lair branch before Depths: true
     0 | D:1      | 0 ||| qw: Lair rune preference: random
     0 | D:1      | 0 ||| qw: Goals: Normal
     0 | D:1      | 0 ||| PLANNING D:1-11
    54 | D:1      | 54 ||| RETREATING.
    55 | D:1      | 55 ||| Stepping ~*~*~tactically~*~*~ (retreating).
    56 | D:1      | 56 ||| Stepping ~*~*~tactically~*~*~ (retreating).
    57 | D:1      | 57 ||| Stepping ~*~*~tactically~*~*~ (retreating).
    60 | D:1      | HP: 1/12 [hobgoblin (3)]
    60 | D:1      | Slain by a hobgoblin

Levels and vault maps discovered:
D:1:      dreamdust_arrival_sigmund_warning, layout_basic,
          hangedman_decor_lopped

Action                     || total
---------------------------++-------
   Fire: Shortbow          ||    10
 Armour: Leather armour    ||    16
  Dodge: Dodged            ||     8

Table legend:
 A = Non-vault XP
 B = Vault XP
 C = Vault XP percentage of total XP
 D = Non-vault monster count
 E = Vault monster count
 F = Vault count percentage of total count
                 A         B        C        D         E       F
            +---------+---------+-------+---------+---------+-------
      Total |       5 |       0 |   0.0 |       3 |       0 |   0.0
            +---------+---------+-------+---------+---------+-------
        D:1 |       5 |       0 |   0.0 |       3 |       0 |   0.0
            +---------+---------+-------+---------+---------+-------
